 Dungeon Crawl Stone Soup version 0.17.0-28-g6e173f8 (webtiles) character file.

175 septik the Magician (level 5, -4/28 HPs)
             Began as a Deep Elf Fire Elementalist on Nov 22, 2015.
             Was an Initiate of Vehumet.
             Slain by a slave (7 damage)
             ... led by Pikel
             ... on level 4 of the Dungeon.
             The game lasted 00:08:31 (2755 turns).

septik the Magician (Deep Elf Fire Elementalist)    Turns: 2755, Time: 00:08:31

Health: -4/28      AC:  7    Str:  5    XL:     5   Next: 29%
Magic:  0/13       EV:  9    Int: 21    God:    Vehumet [......]
Gold:   261        SH:  0    Dex: 15    Spells: 3 memorised, 4 levels left

rFire  . . .     SeeInvis .     f - +0 whip
rCold  . . .     Clarity  .     s - +0 swamp dragon armour
rNeg   . . .     SustAt   .     (no shield)
rPois  +         Gourm    .     (no helmet)
rElec  .         Spirit   .     (no cloak)
rCorr  .         Warding  .     (no gloves)
rMut   .         Stasis   .     (no boots)
MR     .....                    (no amulet)
Stlth  +.........               (no ring)
                                (no ring)

@: not resistant to hostile enchantments, very unstealthy
A: no striking features
a: Renounce Religion


You were on level 4 of the Dungeon.
You worshipped Vehumet.
Vehumet was noncommittal.
You were hungry.

You visited 2 branches of the dungeon, and saw 5 of its levels.

You collected 261 gold pieces.

Inventory:

Hand Weapons
 f - a +0 whip (weapon)
 o - a +2 short sword of venom
Missiles
 m - 98 stones (quivered)
Armour
 a - a +0 robe
 s - a +0 swamp dragon armour (worn)
Jewellery
 l - an uncursed amulet of regeneration {unknown}
Scrolls
 h - a scroll of remove curse {unknown}
 i - a scroll of fog {unknown}
 j - a scroll of random uselessness {unknown}
 k - 3 scrolls of identify {unknown}
 n - a scroll of enchant armour {unknown}
 t - 2 scrolls of magic mapping {unknown}
 u - 2 scrolls of teleportation {unknown}
Potions
 e - 2 potions of heal wounds {unknown}
 g - 3 potions of curing {unknown}
 p - a potion of ambrosia {unknown}
Books
 b - a book of Flames

   Spells                             Type                      Level
   a - Flame Tongue                   Conjuration/Fire             1
   b - Throw Flame                    Conjuration/Fire             2
   c - Conjure Flame                  Conjuration/Fire             3
   d - Inner Flame                    Hexes/Fire                   3
   e - Sticky Flame                   Conjuration/Fire             4
   f - Fireball                       Conjuration/Fire             5
 d - a book of Necromancy

   Spells                             Type                      Level
   a - Pain                           Necromancy                   1
   b - Animate Skeleton               Necromancy                   1
   c - Vampiric Draining              Necromancy                   3
   d - Regeneration                   Charms/Necromancy            3
   e - Animate Dead                   Necromancy                   4
   f - Control Undead                 Necromancy                   4
 q - a book of Dreams

   Spells                             Type                      Level
   a - Ensorcelled Hibernation        Hexes/Ice                    2
   b - Phase Shift                    Translocation                5
   c - Shadow Creatures               Summoning                    5
   d - Silence                        Hexes/Air                    5
   e - Darkness                       Hexes                        6
   f - Mass Confusion                 Hexes                        6
Comestibles
 c - 2 bread rations
 r - a chunk of flesh
 v - a fruit


   Skills:
 - Level 2.4 Dodging
 - Level 2.4 Stealth
 + Level 4.4 Spellcasting
 * Level 4.1 Conjurations
 + Level 4.2 Fire Magic


You had 4 spell levels left.
You knew the following spells:

 Your Spells              Type           Power        Failure   Level  Hunger
a - Flame Tongue          Conj/Fire      ###..        12%         1    None
b - Conjure Flame         Conj/Fire      ###.....     34%         3    ##.....
c - Sticky Flame          Conj/Fire      ###.....     91%         4    ####...


Dungeon Overview and Level Annotations

Branches:
Dungeon (4/15)             Temple (1/1) D:4

Altars:
Fedhas
Sif Muna
Vehumet

Annotations:
D:2 Sigmund
D:3 exclusion: gnoll
D:4 Pikel


Message History

Aim: Pikel, wielding a whip of flaming and wearing a robe (almost dead)
The flame tongue hits Pikel.
Pikel is almost dead.
Casting: Flame Tongue
Confirm with . or Enter, or press ? or * to list all spells.
Aiming: Flame Tongue
Press: ? - help, Shift-Dir - straight line, f/p - Pikel
Aim: Pikel, wielding a whip of flaming and wearing a robe (almost dead)
The flame tongue misses Pikel.
The flame tongue hits the giant newt.
You kill the giant newt!
Vehumet accepts your kill.
Casting: Flame Tongue
Confirm with . or Enter, or press ? or * to list all spells.
Aiming: Flame Tongue
Press: ? - help, Shift-Dir - straight line, f/p - Pikel
Aim: Pikel, wielding a whip of flaming and wearing a robe (almost dead)
The flame tongue hits Pikel.
Pikel is almost dead.
The slave hits you!
You die...

###### ########.#
.....###.....##.##########
####.##......##..........#
...#..#..... #..........#
...##.#...#####.........p### ##
...##.#.............p.p....#####.
...##.....################.......
...###..##################.......
...............p@§Kp.........>###
...###..#############....####.#
...###..##........# #....# #.#
..p...#.##........###....####.#
...##.#..#........#............
..p##.#..#................###.#
##.##.#...................# #.#
.#.##.#.#.................# #.#
.#.##.#.#...........).....#


You could see Pikel and 2 slaves.

Vanquished Creatures
  A scorpion (D:4)
  6 adders
  2 gnolls (D:2)
  2 giant geckos
  4 orcs
  2 ball pythons (D:2)
  2 giant cockroaches
  7 goblins
  3 hobgoblins
  3 kobolds
  5 bats
  5 giant newts
  A quokka skeleton (D:4)
  13 rats
56 creatures vanquished.

Notes
Turn   | Place    | Note
--------------------------------------------------------------
     0 | D:1      | septik the Deep Elf Fire Elementalist began the quest for the Orb.
     0 | D:1      | Reached XP level 1. HP: 10/10 MP: 6/6
   107 | D:1      | Reached XP level 2. HP: 12/15 MP: 1/8
   490 | D:2      | Reached XP level 3. HP: 11/19 MP: 2/10
   629 | D:2      | Noticed Sigmund
   813 | D:1      | Reached XP level 4. HP: 18/24 MP: 11/11
   818 | D:1      | Learned a level 3 spell: Conjure Flame
   823 | D:1      | Learned a level 4 spell: Sticky Flame
   909 | D:2      | Found a deep blue altar of Sif Muna.
   959 | D:2      | Reached skill level 4 in Spellcasting
  1794 | D:3      | You fall through a shaft!
  1946 | D:4      | Found a blossoming altar of Fedhas.
  2079 | D:4      | Found a staircase to the Ecumenical Temple.
  2099 | Temple   | Entered the Ecumenical Temple
  2112 | Temple   | Became a worshipper of Vehumet
  2213 | D:4      | Noticed a slave
  2213 | D:4      | Noticed a slave
  2213 | D:4      | Noticed a slave
  2214 | D:4      | Noticed Pikel
  2632 | D:4      | Reached XP level 5. HP: 28/28 MP: 6/13
  2681 | D:4      | Noticed a slave
  2738 | D:4      | HP: 1/28 [Pikel/whip of flaming (1)]
  2755 | D:4      | Slain by a slave

Action                   |  1- 3 |  4- 6 || total
-------------------------+-------+-------++-------
Melee: Whip              |     7 |    11 ||    18
 Cast: Flame Tongue      |    39 |    78 ||   117
       Conjure Flame     |       |     3 ||     3
  Eat: Chunk             |       |     5 ||     5
